[Event "31st Kavala Open-A 2022"]
[Site "Kavala"]
[Date "2022.07.27"]
[Round "3.8"]
[White "Vafiadis, Kleanthis"]
[Black "Beerdsen, Thomas"]
[Result "1/2-1/2"]
[ECO "E10"]
[WhiteElo "2286"]
[BlackElo "2500"]
[Annotator "TA"]
[PlyCount "62"]
[EventDate "2022.07.27"]
[EventType "swiss"]
[EventCountry "GRE"]
[SourceTitle "playchess.com"]
[Source "ChessBase"]
[SourceQuality "1"]
[TimeControl "40/5400+30:1800+30"]

1. d4 Nf6 2. c4 e6 3. Nf3 c5 4. d5 b5 5. e4 Nxe4 6. Bd3 {[%emt 0:00:12] E10: Blumenfeld Gambit.} Nf6 7. Nc3 {[%emt 0:00:28] is cutting edge theory.} d6 8. dxe6 {[%emt 0:10:00] White is slightly better.} Bxe6 9. Nxb5 Be7 10. O-O {[%emt 0:07:48] [#]} a6 $146 ({Predecessor:} 10... O-O 11. Re1 Nc6 12. Bf4 a6 13. Nc3 Nb4 14. Ng5 Qd7 15. Nxe6 fxe6 16. Rc1 Rf7 {1-0 (53) Jefferson,N (2278)-Bruce,R (2100) ICCF email 2020}) 11. Nc3 {[%emt 0:00:08] White is more active.} h6 12. b3 Nc6 13. Bb2 O-O 14. Re1 Re8 15. h3 (15. Rc1 $14 {feels stronger.}) 15... Rb8 (15... d5 $11) 16. Rc1 $14 Qc7 (16... Qd7 $14) 17. Ne4 (17. Bb1 $16) 17... Ne5 (17... Nd7 $14) 18. Nxe5 $16 dxe5 19. Ng3 Bd6 20. Qe2 Rbd8 21. Rcd1 Bc8 22. Bf5 {[%emt 0:05:18] Prevents e4.} Bb7 23. Ne4 Bxe4 24. Bxe4 Bf8 25. Rxd8 Qxd8 26. f4 ({Better is} 26. Rd1 $16 Bd6 27. Bc2 (27. Bc6 Re6 $16)) 26... Nxe4 $11 ({Don't do} 26... exf4 27. Bxf6 Qxf6 {[#]} 28. Bh7+ $1 Kxh7 29. Qxe8 $16) 27. Qxe4 Qd2 (27... Qa5 $1 $11 {keeps the balance.}) 28. Re2 $16 ({Much weaker is} 28. Bxe5 $6 Re7 $11) 28... Qd1+ 29. Re1 (29. Kf2 $16) 29... Qd2 $11 30. Re2 ({White should try} 30. Bxe5 $11 Re7 31. Re2 Qd1+ 32. Re1) 30... Qd1+ $16 31. Re1 (31. Kf2 $16) 31... Qd2 {[%emt 0:00:07][%csl LRb2,LRf4] Weighted Error Value: White=0.19 (very precise) /Black=0.21 (precise)} 1/2-1/2

[Event "31st Kavala Open-A 2022"]
[Site "Kavala"]
[Date "2022.07.27"]
[Round "3.9"]
[White "Kalogridis, Antonios"]
[Black "Bharath Subramaniyam H"]
[Result "1/2-1/2"]
[ECO "A50"]
[WhiteElo "2272"]
[BlackElo "2479"]
[Annotator "TA"]
[PlyCount "60"]
[EventDate "2022.07.27"]
[EventType "swiss"]
[EventCountry "GRE"]
[SourceTitle "playchess.com"]
[Source "ChessBase"]
[SourceQuality "1"]
[TimeControl "40/5400+30:1800+30"]

1. d4 Nf6 2. c4 b6 3. Nc3 Bb7 4. Qc2 d5 5. cxd5 Nxd5 6. Nf3 Nxc3 {[%emt 0:00:26] A50: Queen's Fianchetto Defence (1 d4 Nf6 2 c4 b6).} 7. bxc3 e6 8. e4 Be7 9. Bf4 O-O 10. Bd3 c5 11. d5 exd5 12. exd5 {[%emt 0:00:05] [#]} h6 $146 ({Predecessor:} 12... Qxd5 13. O-O-O Qh5 14. Be4 Bc6 15. Rhe1 c4 16. Bxh7+ Qxh7 17. Qxh7+ Kxh7 18. Rxe7 Kg8 {½-½ (46) Laghetti,G (2487)-Serner,A (2412) ICCF email 2020}) 13. O-O Bd6 $1 14. Qd2 Bxf4 15. Qxf4 Bxd5 16. Rad1 Qf6 17. Qxf6 $40 {[%emt 0:00:31][%mdl 128] Black needs to defend precisely.} gxf6 18. Nh4 Nc6 19. Nf5 Kh8 20. Nxh6 Bxa2 21. Be4 Rac8 22. Rd3 Rfe8 23. Re3 Na5 ({Black should play} 23... Be6 $15) 24. Nf5 $11 {[%emt 0:03:29] aiming for f4.} Re6 $2 {[%emt 0:08:28][%mdl 8192] [#]} (24... Rcd8 $11) 25. Rh3+ $2 ({White has to play} 25. f4 $1 $18 Rd8 26. Rff3) 25... Kg8 $14 26. Rg3+ $1 {[%emt 0:01:34][%mdl 1024] White has compensation.} Kf8 {[%emt 0:00:21] [#]} 27. Rh3 {[%emt 0:03:53] White is more active.} Kg8 $11 28. Rg3+ ({Better is} 28. Nh6+ $11 Kg7 29. Nf5+ Kg8) 28... Kf8 $14 29. Rh3 Kg8 {Inhibits Rh8+.} 30. f4 {[%emt 0:00:02][%cal Of1f3] Intending Rff3! and mate.} Rd8 $1 {[%emt 0:00:16] Weighted Error Value: White=0.46/Black=0.37} (30... Rxe4 {leads to mate.} 31. Rff3 Re1+ 32. Kf2) 1/2-1/2

[Event "31st Kavala Open-A 2022"]
[Site "Kavala"]
[Date "2022.07.27"]
[Round "3.10"]
[White "Vrolijk, Liam"]
[Black "Ortega Lopez, Mikel"]
[Result "1-0"]
[ECO "E04"]
[WhiteElo "2464"]
[BlackElo "2249"]
[Annotator "TA"]
[PlyCount "37"]
[EventDate "2022.07.27"]
[EventType "swiss"]
[EventCountry "GRE"]
[SourceTitle "playchess.com"]
[Source "ChessBase"]
[SourceQuality "1"]
[TimeControl "40/5400+30:1800+30"]

1. d4 Nf6 2. c4 e6 3. Nf3 d5 4. g3 dxc4 5. Bg2 Bd7 6. Ne5 Bc6 7. Nxc6 Nxc6 8. O-O Qd7 {[%emt 0:00:15] E04: Open Catalan: 5 Nf3.} 9. e3 {[%emt 0:00:22][%mdl 1024] White has compensation.} O-O-O 10. Nc3 Nd5 {[%emt 0:04:28] White is slightly better.} 11. Bd2 h5 12. b3 $1 cxb3 13. Nxd5 ({Much weaker is} 13. axb3 $6 Kb8 $15) 13... exd5 14. Qxb3 {[%emt 0:00:20] [#]} f5 $146 ({Predecessor:} 14... Ne7 15. Rab1 c6 16. Rfc1 Kb8 17. e4 dxe4 18. Bxe4 f5 19. Bg2 g6 20. d5 Rc8 21. Bf4+ Ka8 22. dxc6 Nxc6 23. Rd1 {1-0 (23) Firouzja,A (2558)-Gholami Orimi,M (2299) Bushehr 2018}) 15. Rfc1 {[%emt 0:10:00] White is more active.} b6 $2 {[%emt 0:13:56] [#]} (15... Kb8 $14) 16. a4 $2 (16. Bf1 $1 $18 ) 16... a5 $16 {[%emt 0:06:30] [#]} 17. Bxa5 Nxa5 $4 (17... bxa5 $17 18. Qb5 Rh6 19. Qa6+ Kb8 20. Rab1+ Nb4 21. Qxa5 Rb6) 18. Qxb6 $1 $18 {[%emt 0:00:31] Intending Qa6+ and mate.} Nb7 {[%emt 0:00:06] [#]} 19. Bxd5 $1 {[%emt 0:01:56][%mdl 512] Weighted Error Value: White=0.35/Black=0.40} 1-0

[Event "31st Kavala Open-A 2022"]
[Site "Kavala"]
[Date "2022.07.27"]
[Round "3.11"]
[White "Michalicka, Milan"]
[Black "Pijpers, Arthur"]
[Result "1/2-1/2"]
[ECO "E01"]
[WhiteElo "2216"]
[BlackElo "2458"]
[Annotator "TA"]
[PlyCount "49"]
[EventDate "2022.07.27"]
[EventType "swiss"]
[EventCountry "GRE"]
[SourceTitle "playchess.com"]
[Source "ChessBase"]
[SourceQuality "1"]
[TimeControl "40/5400+30:1800+30"]

1. d4 d5 2. c4 c6 3. Nf3 Nf6 4. Nc3 e6 5. g3 Nbd7 6. Bg2 dxc4 7. e4 {[%emt 0:00:42][%cal Be2e4,Be4e5][%mdl 32] E01: Catalan: Early deviations.} Bb4 8. e5 Nd5 9. Qc2 {[%emt 0:02:01] [#] Black is slightly better.} c5 $146 {[%emt 0:14:39] White must now prevent ...cxd4.} ({Predecessor:} 9... b5 10. O-O N7b6 11. Ne4 Bd7 12. Bg5 Qc7 13. a3 Bf8 14. h4 h6 15. Bd2 a5 {0-1 (33) Jolly,J (2203)-Patsia,Z (2091) Agneaux 2005}) 10. O-O {[%emt 0:09:01] Hoping for Nxd5.} cxd4 11. Nxd5 exd5 12. Nxd4 Nb6 ({Better is} 12... Bc5 $15 13. Nf5 O-O) 13. b3 {[%emt 0:07:28][%mdl 1024] White has compensation.} O-O 14. Bb2 Bd7 15. Rac1 Rc8 16. Qe2 Qe7 17. Ba1 cxb3 18. axb3 Rxc1 19. Rxc1 Rc8 20. Rd1 a5 21. h4 a4 22. bxa4 Ra8 ({Resist} 22... Nxa4 23. Bxd5 Nc5 24. Qf3 $16) 23. Nc2 Rxa4 24. Nxb4 Rxb4 25. Bd4 {[%emt 0:01:15] Weighted Error Value: White=0.11 (very precise) /Black=0.17 (very precise)} 1/2-1/2

[Event "31st Kavala Open-A 2022"]
[Site "Kavala"]
[Date "2022.07.27"]
[Round "3.12"]
[White "Can, Isik"]
[Black "Tsarsitalidis, Christos"]
[Result "1-0"]
[ECO "B15"]
[WhiteElo "2445"]
[BlackElo "1896"]
[Annotator "TA"]
[PlyCount "57"]
[EventDate "2022.07.27"]
[EventType "swiss"]
[EventCountry "GRE"]
[SourceTitle "playchess.com"]
[Source "ChessBase"]
[SourceQuality "1"]
[TimeControl "40/5400+30:1800+30"]

1. e4 c6 2. d4 d5 3. Nd2 dxe4 4. Nxe4 Nf6 5. Nxf6+ exf6 6. c3 Bd6 7. Bd3 O-O 8. Qc2 Re8+ 9. Ne2 h6 10. O-O Nd7 {[%emt 0:00:11] is now more promising than 10...Qc7. B15: Caro-Kann: 3 Nc3: 3...g6 and 3...dxe4 4 Nxe4 Nf6 5 Nxf6+ exf6.} 11. Be3 Nf8 12. h3 Qc7 {[%emt 0:00:07] White is slightly better.} 13. c4 c5 14. Nc3 {[%emt 0:06:28] aiming for Nb5.} cxd4 {[%emt 0:02:22] [#]} 15. Nb5 $146 (15. Bxd4 $14 {was preferrable.} Ne6 16. Be3) ({Predecessor:} 15. Bxd4 Ne6 16. Be3 Bf4 17. Nd5 Qb8 18. Rae1 Bd7 19. Qd2 Bxe3 20. Rxe3 Bc6 21. Rfe1 {1-0 (38) Nemcova,K (2365)-Isgandarova,K (2188) Baku 2016}) 15... Qb8 (15... Qe7 $5 16. Bxd4 Bb8 $11) 16. Bxd4 Be5 {[%emt 0:02:28] [#]} 17. Bxe5 $1 Qxe5 ({Better is} 17... Rxe5 $14 18. f4 Rc5) 18. c5 $16 Ne6 19. Rae1 Qh5 20. b4 {[%emt 0:06:47] Strongly threatening f4.} Rd8 (20... Bd7 $16 {was necessary.}) 21. f4 $18 Bd7 22. Nd6 Bc6 23. Bc4 Rf8 (23... Bd5 {keeps fighting.} 24. g4 Qxh3 25. Bxd5 Nxf4) 24. Kh2 {[%emt 0:04:52] White is clearly winning.} ({Weaker is} 24. Bxe6 fxe6 25. Rxe6 a6 $18) 24... Kh8 (24... f5 $142 25. Nxf5 Kh8) 25. g4 Qh4 26. Nf5 {[%emt 0:00:12] Active counter play!} Qxe1 27. Rxe1 Nxf4 28. b5 Bd5 29. Nd6 {[%emt 0:00:18] Weighted Error Value: White=0.07 (flawless) /Black=0.41} 1-0

[Event "31st Kavala Open-A 2022"]
[Site "Kavala"]
[Date "2022.07.27"]
[Round "3.13"]
[White "Maltsevskaya, Aleksandra"]
[Black "Mixakis, Evangelos"]
[Result "1-0"]
[ECO "B72"]
[WhiteElo "2378"]
[BlackElo "1883"]
[Annotator "TA"]
[PlyCount "91"]
[EventDate "2022.07.27"]
[EventType "swiss"]
[EventCountry "GRE"]
[SourceTitle "playchess.com"]
[Source "ChessBase"]
[SourceQuality "1"]
[TimeControl "40/5400+30:1800+30"]

1. e4 c5 2. Nf3 d6 3. d4 cxd4 4. Nxd4 Nf6 5. Nc3 g6 6. Be3 Bg7 7. Bc4 O-O 8. h3 a6 9. Bb3 {[%emt 0:01:19] B72: Sicilian Dragon: 6 Be3, lines with h3+Bc4 and sidelines.} b5 10. a4 b4 11. Nd5 {[%emt 0:00:07] Black has an edge.} Bb7 {[%emt 0:01:59] [#]} 12. Nxf6+ $146 ({Predecessor:} 12. h4 e6 13. Nf4 Bc8 14. h5 Re8 15. hxg6 hxg6 16. Qf3 e5 17. Nd5 exd4 18. Bg5 {0-1 (49) Mikhaletz,L (2348)-Karolczuk,I (2201) Ustron 2021}) 12... Bxf6 13. Bd5 (13. h4 $11) 13... Qc8 14. O-O {[%emt 0:03:09] [#]} e6 (14... Bxd5 $1 $17 15. exd5 Qc4) 15. Bxb7 $15 Qxb7 16. Qf3 Bg7 17. Rfd1 Nd7 18. Nb3 (18. Bg5 $17) 18... Ne5 (18... Bxb2 $19 19. Ra2 Be5) 19. Qe2 $1 Rfd8 (19... Qxe4 {is interesting.} 20. Rd4 Qc6 21. Rxb4 Rfc8) 20. f4 Nc6 21. Rab1 a5 22. Kh1 Ne7 23. Bf2 (23. Bd4 $11) 23... d5 (23... Bh6 $17) 24. e5 $11 Rdc8 25. Nc5 Qc6 26. c3 Rab8 27. Rbc1 ({White should play} 27. Na6 $11) 27... Nf5 (27... bxc3 $15 28. Rxc3 Rb4) 28. cxb4 Rxb4 29. Nd3 Rc4 30. b3 Rc2 (30... Rxc1 $11 31. Rxc1 Qb7) 31. Qe1 (31. Rxc2 $14 Qxc2 32. Qxc2 Rxc2 33. Be1) 31... Qa6 32. Rxc2 Rxc2 33. b4 {[%emt 0:00:04] aiming for b5.} Qc4 {[%emt 0:02:29] Strongly threatening ...Rc3.} 34. bxa5 (34. b5 $5 Bf8 35. b6 $11) 34... Qxa4 (34... Bf8 $1 $15) 35. Ra1 (35. a6 $1 $14) 35... Ra2 $1 36. Rxa2 Qxa2 37. Qb4 {[%emt 0:03:10] Threatens to win with Qb8+.} h5 (37... Bf8 $11 38. Qb5 Be7) 38. Qb5 $36 {[%emt 0:00:40][%mdl 2048] White has strong initiative.} h4 $2 {[%emt 0:01:24][%mdl 8192] Black cannot hold the game after this.} (38... Bh6 $16 {is more resistant.}) 39. a6 $18 d4 (39... Ng3+ $142 40. Kh2 Qa1) 40. Qb8+ Kh7 41. a7 Qa1+ 42. Kh2 Ng3 43. Bxg3 {[%emt 0:00:06] White mates.} hxg3+ 44. Kxg3 Qa3 {[%emt 0:00:28] [#]} 45. a8=Q $1 Qxd3+ 46. Kh2 {[%emt 0:00:05] Weighted Error Value: White=0.24 (precise) /Black=0.62} 1-0

[Event "31st Kavala Open-A 2022"]
[Site "Kavala"]
[Date "2022.07.27"]
[Round "3.14"]
[White "Bozinakis, Pavlos"]
[Black "Schroeder, Jan-Christian"]
[Result "0-1"]
[ECO "C84"]
[WhiteElo "2195"]
[BlackElo "2563"]
[Annotator "TA"]
[PlyCount "64"]
[EventDate "2022.07.27"]
[EventType "swiss"]
[EventCountry "GRE"]
[SourceTitle "playchess.com"]
[Source "ChessBase"]
[SourceQuality "1"]
[TimeControl "40/5400+30:1800+30"]

1. e4 e5 2. Nf3 Nc6 3. Bb5 a6 4. Ba4 Nf6 5. O-O Be7 6. d3 d6 7. c3 O-O 8. Re1 Re8 9. Nbd2 Bf8 10. h3 h6 11. Nf1 b5 {[%emt 0:01:21] C84: Closed Ruy Lopez: Unusual White 6th moves.} 12. Bb3 Na5 13. Bc2 c5 {[%emt 0:00:03] The position is equal.} 14. d4 {[%emt 0:03:03] outshines the older 14.Ng3.} Bd7 $5 {[%emt 0:07:32][%mdl 4] Exploring less charted territory.} 15. d5 Nc4 16. b3 Nb6 17. Ne3 a5 {[%emt 0:06:51][%cal Ba6a5,Ba5a4][%mdl 32] [#]} 18. Nh2 $146 (18. a4 $1 $14) ({Predecessor:} 18. a4 c4 19. bxc4 Nxa4 20. Bxa4 bxa4 21. Nd2 Rb8 22. Ba3 g6 23. Kh2 Nh7 24. Qf3 h5 25. Nef1 Qc7 26. Qe3 Be7 27. Rab1 Bg5 28. Qd3 Nf6 {½-½ (28) Todorovic,G (2410)-Geller,E (2515) Pancevo 1987}) 18... a4 $11 {[%emt 0:10:46] aiming for ...axb3.} 19. b4 Qc7 20. Bd2 a3 21. Rc1 Be7 22. Bd3 Na4 23. Qf3 Nb2 24. Be2 Rab8 25. g4 (25. c4 $11) 25... Nh7 26. Nhf1 Bg5 27. Ng3 (27. bxc5 $15 Qxc5 28. Nf5) 27... g6 (27... c4 $17) 28. Nef1 ({Better is} 28. Ngf1 $15) 28... Rec8 $17 {[%emt 0:01:34] Black is more active.} 29. h4 (29. Be3 $15) 29... Bxd2 {[%emt 0:00:24] Black is clearly better.} 30. Nxd2 {[%emt 0:00:06] [#]} Qd8 $1 31. h5 Qg5 32. Qe3 Qxe3 {[%emt 0:04:28] Weighted Error Value: White=0.23 (precise) /Black=0.10 (very precise)} 0-1

[Event "31st Kavala Open-A 2022"]
[Site "Kavala"]
[Date "2022.07.27"]
[Round "3.15"]
[White "Tsakona, Maria"]
[Black "Santiago, Yago De Moura"]
[Result "0-1"]
[ECO "A48"]
[WhiteElo "2007"]
[BlackElo "2513"]
[Annotator "TA"]
[PlyCount "84"]
[EventDate "2022.07.27"]
[EventType "swiss"]
[EventCountry "GRE"]
[SourceTitle "playchess.com"]
[Source "ChessBase"]
[SourceQuality "1"]
[TimeControl "40/5400+30:1800+30"]

1. d4 Nf6 2. Nf3 g6 3. Bg5 Bg7 4. Nbd2 O-O 5. c3 d6 6. e4 c5 7. dxc5 dxc5 8. Be2 Nc6 9. Qc2 Qc7 10. O-O h6 11. Bh4 {[%emt 0:00:06] A48: 1 d4 Nf6 2 Nf3 g6: Torre, London and Colle Systems.} Nh5 12. Nc4 {[%emt 0:03:09] is the new trend.} b6 13. Ne3 {[%emt 0:02:55] The position is equal.} e6 {[%emt 0:01:42] Against Nd5} 14. a4 g5 15. Bg3 Nxg3 16. hxg3 Bb7 {[%emt 0:00:28] [#]} 17. Nh2 $146 ({Predecessor:} 17. Rfe1 Rac8 18. Rad1 Qe7 19. Bc4 h5 20. Ba2 g4 21. Nd2 Ne5 22. Ndc4 Rfd8 23. Bb1 {0-1 (55) Yapparov,T (2179)-Chigaev,M (2550) St Petersburg 2016}) 17... Na5 18. f4 c4 19. Rae1 Qc5 20. Bg4 (20. Bf3 $1 $11) 20... h5 (20... Rad8 $15) 21. f5 $1 $11 Be5 $2 (21... hxg4 $11 {and Black has nothing to worry.} 22. f6 Bh8) 22. f6 $2 Bxg3 {[%emt 0:09:51] A strong pair of Bishops.} (22... hxg4 $17 23. Nhxg4 Rfd8) 23. Qe2 Bxh2+ (23... Bxe4 24. Bf5 Bxe1 25. Bxe4 $18) (23... Bxe1 24. Rxe1 hxg4 25. Nhxg4 Bxe4 26. Nh6+ Kh8 27. Qh5 $17) 24. Kxh2 {[%emt 0:01:29][%cal Og4f5] [#] Black must now prevent Bf5!} Bxe4 {[%emt 0:01:20] ...Bd3 is the strong threat.} (24... hxg4 $6 25. Qxg4 Rfd8 26. Qh3 Qe5+ 27. Kg1 Qxe4 28. Nf5 Qxg2+ 29. Qxg2 Bxg2 30. Ne7+ Kf8 31. Kxg2 $17) 25. Bf5 $2 exf5 $19 26. Qxh5 Qd6+ 27. Kg1 Qxf6 28. Rxf5 Bxf5 29. Nd5 Qg6 ({Inferior is} 29... Qd8 30. Ne7+ Qxe7 31. Rxe7) 30. Ne7+ Kg7 31. Nxg6 Bxg6 ({Stronger than} 31... fxg6 32. Re7+ Rf7 33. Qxg5 $17) 32. Qxg5 Rac8 33. Qe5+ Kg8 34. Qf6 Rc5 (34... Rfd8 $17 35. Qe7 Nc6) 35. Re3 $1 $15 Rf5 36. Qd6 (36. Qe7 $1 $11) 36... Nb7 $17 37. Qd4 (37. Qe7 $17 Nc5 38. Qxa7) 37... Nc5 (37... Rd8 $19 38. Qxc4 Rd1+ 39. Kh2 Nd6) 38. Rh3 {[%emt 0:00:28][%csl Gd4][%cal Rh3h8] [#]} Rh5 {[%emt 0:00:25] Prevents Rh8+.} ({Black should play} 38... f6 $1 $17 {Threatens to win with ...Kg7.} 39. Qxc4+ Rf7) 39. Rg3 $2 ({White should try} 39. Rxh5 $15 Bxh5 40. Qxc4) 39... Re8 $19 ({Not} 39... Nxa4 40. Qxc4 Nxb2 41. Rxg6+ Kh7 42. Qb4 Kxg6 43. Qxf8 $14) 40. Qxc4 $2 (40. Rh3) 40... Re1+ 41. Kf2 Re6 42. Rh3 Re4 {[%emt 0:03:32] Weighted Error Value: White=0.54/Black=0.29 (precise)} 0-1

[Event "31st Kavala Open-A 2022"]
[Site "Kavala"]
[Date "2022.07.27"]
[Round "3.16"]
[White "Zawadzka, Jolanta"]
[Black "Abrahams, Daniel"]
[Result "1-0"]
[ECO "B42"]
[WhiteElo "2416"]
[BlackElo "2126"]
[Annotator "TA"]
[PlyCount "87"]
[EventDate "2022.07.27"]
[EventType "swiss"]
[EventCountry "GRE"]
[SourceTitle "playchess.com"]
[Source "ChessBase"]
[SourceQuality "1"]
[TimeControl "40/5400+30:1800+30"]

1. e4 c5 2. Nf3 e6 3. d4 cxd4 4. Nxd4 a6 5. Bd3 Bc5 6. Nb3 Ba7 7. Qe2 Ne7 {[%emt 0:00:30] B42: Sicilian: Kan Variation: 5 Bd3.} 8. Be3 O-O 9. N1d2 {[%emt 0:01:18] 9.Bxa7 is setting a new trend.} Nbc6 {[%emt 0:00:59] The position is equal.} 10. c3 {[%emt 0:08:17] [#]} d5 $146 ({Predecessor:} 10... d6 11. O-O e5 12. Rad1 Be6 13. Bxa7 Rxa7 14. Nc4 b5 15. Ne3 Qb6 16. Bb1 Rd8 {0-1 (32) Bashirov,T (2238)-Iskandarov,M (2502) Cesme 2019}) 11. Bxa7 Rxa7 12. O-O-O (12. O-O {is more appropriate.}) 12... a5 13. Nf3 a4 $1 14. Nbd4 Nxd4 15. Nxd4 Ra5 (15... a3 $1 $11) 16. Kb1 $36 {[%emt 0:09:54][%mdl 2048] White has some pressure.} Bd7 17. h4 (17. a3 $14) 17... a3 $15 18. b4 Ra8 19. h5 e5 (19... Qc7 $15 20. Rc1 e5) 20. Nb3 $14 d4 21. cxd4 Qb6 22. b5 {[%emt 0:02:39] Prevents Nc6.} exd4 {[%emt 0:01:09] [#]} 23. Bc4 (23. h6 $1 $16 ) 23... Ra4 $15 24. h6 g6 ({Better is} 24... gxh6 $17 25. Ka1 (25. Nxd4 Rc8 $17) (25. Rxd4 Bxb5 26. Bxb5 Rxd4 $17) 25... Rc8) 25. Rc1 $11 Be6 (25... Rc8 $5 ) 26. Bxe6 Qxe6 27. Qd3 Rb4 28. Ka1 Qe5 29. Rhd1 (29. Nc5 $14) 29... Rd8 (29... b6 $11) 30. Rc5 (30. Nc5 $1 $14) 30... Qd6 {[%emt 0:02:51][%cal Ob4b3] Strongly threatening ...Rxb3!} 31. Rdc1 b6 32. Rc7 Rd7 $2 {[%emt 0:00:23][%mdl 8192] [#]} (32... g5 $11) 33. Qg3 $1 $18 {[%emt 0:04:04] Rxd7 would kill now.} Kf8 34. Rxd7 Qxd7 35. Qe5 d3 36. Qg7+ Ke8 37. Qh8+ Ng8 38. Qxg8+ Ke7 39. Qg7 Rxe4 40. Qc3 (40. Qxh7 {gets mated.} d2 41. Qh8 dxc1=Q+ 42. Nxc1 Qd2) 40... Re2 $2 (40... Qxb5 41. Qc7+ Qd7 42. Qxb6 Re6 43. Qb4+ Qd6 44. Rc7+ Kf8) 41. Nd4 Re4 42. Nc6+ Ke6 43. Rd1 (43. f3 $142 Re2 44. Rd1) 43... d2 44. f3 {[%emt 0:00:46] Weighted Error Value: White=0.45/Black=0.51} 1-0

[Event "31st Kavala Open-A 2022"]
[Site "Kavala"]
[Date "2022.07.28"]
[Round "4.1"]
[White "Kourkoulos-Arditis, Stamatis"]
[Black "Halkias, Stelios"]
[Result "1/2-1/2"]
[ECO "D38"]
[WhiteElo "2535"]
[BlackElo "2512"]
[Annotator "TA"]
[PlyCount "34"]
[EventDate "2022.07.27"]
[EventType "swiss"]
[EventCountry "GRE"]
[SourceTitle "playchess.com"]
[Source "ChessBase"]
[SourceQuality "1"]
[TimeControl "40/5400+30:1800+30"]

1. d4 Nf6 2. c4 e6 3. Nf3 d5 4. Nc3 Bb4 5. cxd5 exd5 6. Bg5 h6 7. Bh4 Bf5 $1 {[%emt 0:00:50][%mdl 4] 7...Bf5 is a critical line. D38: Queen's Gambit Declined: Ragozin Defence (4 Nf3 Bb4).} 8. e3 Nbd7 {[%emt 0:01:26] The position is equal.} 9. Qb3 Ba5 10. Be2 c6 11. O-O {[%emt 0:00:53] [#] Not much happened in this game.  Weighted Error Value: White=0.09 (flawless) /Black=0.00 (flawless)} ({But not} 11. Qxb7 Rb8 12. Bxf6 Nxf6 $17) {Predecessor:} 11... Qb6 $146 12. Nd2 O-O 13. Rfc1 Rfe8 14. Bg3 Re6 15. a3 Qxb3 16. Nxb3 Bd8 17. Nd2 a5 {½-½ (41) Sarana,A (2649)-Yu,Y (2704) Riga 2021} 1/2-1/2

[Event "31st Kavala Open-A 2022"]
[Site "Kavala"]
[Date "2022.07.28"]
[Round "4.2"]
[White "Kilic, Eray"]
[Black "Gopal G.N."]
[Result "1-0"]
[ECO "B51"]
[WhiteElo "2422"]
[BlackElo "2593"]
[Annotator "TA"]
[PlyCount "107"]
[EventDate "2022.07.27"]
[EventType "swiss"]
[EventCountry "GRE"]
[SourceTitle "playchess.com"]
[Source "ChessBase"]
[SourceQuality "1"]
[TimeControl "40/5400+30:1800+30"]

1. e4 c5 2. Nf3 d6 3. Bb5+ Nd7 4. d4 cxd4 5. Nxd4 Ngf6 6. O-O {[%emt 0:00:14] B51: Sicilian: Moscow Variation (3 Bb5+) without 3...Bd7.} a6 7. Bd3 Nc5 8. Nc3 {[%emt 0:00:07] The position is equal.} e6 9. Be3 Be7 10. f4 Qc7 {[%emt 0:05:13] [#]} 11. Nb3 $146 ({Predecessor:} 11. Qf3 b5 12. e5 Bb7 13. Qg3 Nh5 14. Qg4 g6 15. f5 Nxd3 16. cxd3 dxe5 17. fxe6 {0-1 (33) Garcia Ruiz Fuentes,A (1952)-Gomez Gonzalez,J (2141) Madrid 2013}) 11... Nxd3 12. cxd3 b5 13. Rc1 {[%emt 0:00:31][%cal Oc3b5,Ba1c1,Bc1c7,Bc7f7][%mdl 32] Black must now prevent Nxb5!} Qd8 (13... Qb8 $1 $14) 14. e5 $16 dxe5 15. fxe5 Nd5 16. Nxd5 Qxd5 17. Qg4 O-O (17... Qxe5 $2 18. Bd4 Qd5 19. Rxf7 $3 $18 ) 18. Rc7 $1 Qxe5 $2 {[%emt 0:17:45] [#]} (18... Bd8 $2 19. Bh6 $1 Qxe5 20. d4 Bxc7 21. dxe5 Bxe5 22. Qe4 Bxb2 23. Qxa8 $18) (18... Qxd3 $16 19. Bh6 Qg6 20. Qxg6 hxg6 21. Rxe7 (21. Bxg7 Bd8 $15) 21... gxh6) 19. Bd4 $1 Qg5 $14 20. Qf3 {[%emt 0:03:30] White is much more active. The black rooks are badly placed.} Bd6 $1 21. Rxf7 Bd7 $1 22. Bxg7 Bc6 $1 23. Qxc6 $40 {[%emt 0:03:35][%mdl 128] Black needs to defend precisely. Dancing on a razor blade.} (23. Bxf8 Bxf3 24. Rg7+ Qxg7 25. Bxg7 Bxg2 26. Kxg2 Kxg7 $11) (23. Rxf8+ $2 Rxf8 24. Bxf8 Bxf3 25. Rxf3 Bc7 $19) 23... Rxf7 24. Qxa8+ Kxg7 25. Rxf7+ Kxf7 {[%emt 0:00:01][%mdl 4096] Endgame KQB-KQN} 26. Qf3+ (26. Qe4 $1 $14 {should be considered.}) 26... Ke7 $1 $11 27. Qb7+ Kf6 28. Qf3+ Ke7 $1 (28... Qf4 29. Nd2 $14) 29. g3 h5 ({Black should try} 29... Qe5 $14) 30. Kg2 Qe5 (30... h4 $1 $14) 31. d4 $16 Qg5 32. Qe4 {[%emt 0:01:46] Against h4} Kf6 33. Kf3 b4 34. Ke2 Qb5+ 35. Qd3 Qd5 {[%emt 0:00:24] Prevents Nc5.} (35... Qa4 $16) 36. Qf3+ $18 ({Stronger than} 36. Qxa6 Qg2+ 37. Ke1 Qxh2 38. Qxd6 Qh1+ 39. Ke2 Qg2+ 40. Ke3 Qg1+ 41. Kf4 Qf2+ 42. Ke4 Qg2+ 43. Kf4 (43. Ke3 Qg1+ 44. Kf3 Qh1+ 45. Kf2 Qh2+ 46. Kf3 Qh1+ 47. Kf4 Qf1+ 48. Ke4 Qe2+ 49. Kf4 Qf2+ 50. Ke4 Qg2+ 51. Kf4 Qf2+ $11) 43... Qf2+ 44. Ke4 Qg2+ 45. Ke3 Qg1+ 46. Kf3 Qh1+ 47. Kf4 Qf1+ 48. Ke4 (48. Ke3 Qg1+ $11) 48... Qg2+ $11) 36... Kg5 37. Qxd5+ exd5 {[%emt 0:00:01] KB-KN} 38. Kf3 h4 $2 (38... Bb8 {is more resistant.} 39. h4+ Kf5) 39. Nc5 {[%emt 0:03:12] White is clearly winning.} hxg3 40. hxg3 a5 41. Ne6+ Kf5 42. Nf4 Bxf4 43. gxf4 {[%emt 0:00:02] KP-KP} a4 {[%emt 0:00:01] [#]} 44. Kg3 $1 Ke4 45. Kg4 Kd3 46. f5 Kc2 {[%emt 0:00:23] [#]} 47. b3 $1 a3 48. f6 Kb2 49. f7 Kxa2 50. f8=Q Kxb3 51. Qc5 a2 52. Qc1 Ka4 53. Qb2 b3 54. Kf4 {[%emt 0:00:06] Weighted Error Value: White=0.17 (very precise) /Black=0.31} 1-0